 Dungeon Crawl Stone Soup version 0.22-a0-430-g6609fc6 (webtiles) character file.

30 Jynxie the Skirmisher (level 3, 0/29 HPs)
             Began as a Demonspawn Abyssal Knight on May 26, 2018.
             Was a Follower of Lugonu.
             Succumbed to an adder's poison
             ... on level 2 of the Dungeon.
             The game lasted 00:03:40 (870 turns).

Jynxie the Skirmisher (Demonspawn Abyssal Knight)    Turns: 870, Time: 00:03:41

Health: 0/29       AC:  8    Str: 12    XL:     3   Next: 3%
Magic:  4/4        EV: 10    Int: 13    God:    Lugonu [*.....]
Gold:   36         SH:  0    Dex: 13    Spells: 2/2 levels left

rFire    . . .     SeeInvis .   a - +1 falchion
rCold    . . .     Gourm    .   (no shield)
rNeg     . . .     Faith    .   c - +0 ring mail (curse)
rPois    .         Spirit   .   (no helmet)
rElec    .         Reflect  .   (no cloak)
rCorr    .         Harm     .   (no gloves)
MR       .....                  d - +0 pair of boots
Stlth    +.........             (no amulet)
HPRegen  0.09/turn              (no ring)
MPRegen  0.09/turn              (no ring)

@: lethally poisoned (0 -> -5), about to teleport
A: hooves 1, slimy green scales 1
a: Depart the Abyss, Renounce Religion


You were on level 2 of the Dungeon.
You worshipped Lugonu.
Lugonu was aware of your devotion.
You were not hungry.

You visited 1 branch of the dungeon, and saw 2 of its levels.
You visited the Abyss 1 time.

You collected 36 gold pieces.

Inventory:

Hand Weapons
 a - a +1 falchion (weapon)
Armour
 b - a +0 leather armour
 c - a cursed +0 ring mail (worn)
   (You found it on level 1 of the Dungeon)
 d - a +0 pair of boots (worn)
   (You found it on level 1 of the Dungeon)
Comestibles
 e - 2 rations {!d}


   Skills:
 + Level 3.4 Fighting
 * Level 2.8 Long Blades
 - Level 1.7 Armour
 - Level 0.8 Dodging
 - Level 2.4 Invocations


You had 2 spell levels left.
You didn't know any spells.
Your spell library was empty.

Dungeon Overview and Level Annotations

Branches:
Dungeon (2/15)

Altars:

Annotations:
D:2 Sigmund


Innate Abilities, Weirdness & Mutations

You have large cloven feet.
You are partially covered in slimy green scales. (AC +2)


Message History

You hit the adder.
You kill the adder!
Lugonu accepts your kill.
You have reached level 3!
Your experience leads to an increase in your attributes!
Increase (S)trength, (I)ntelligence, or (D)exterity?
You feel agile.
Your demonic ancestry asserts itself...
Your feet thicken and deform.
* * * LOW HITPOINT WARNING * * *
You feel sick.
You hit the rat but do no damage.
* * * LOW HITPOINT WARNING * * *
You feel sick. The rat bites you but does no damage.
You hit the rat but do no damage.
* * * LOW HITPOINT WARNING * * *
You feel sick. The rat bites you but does no damage.
You closely miss the rat.
* * * LOW HITPOINT WARNING * * *
You feel sick. The rat bites you but does no damage. The rat barely misses you.
You completely miss the rat.
* * * LOW HITPOINT WARNING * * *
You feel sick. The rat bites you.
* * * LOW HITPOINT WARNING * * *
You barely miss the rat.
* * * LOW HITPOINT WARNING * * *
You feel sick. The rat bites you but does no damage.
You hit the rat but do no damage.
* * * LOW HITPOINT WARNING * * *
You feel sick. The rat closely misses you.
You riposte.
You hit the rat.
You kill the rat!
Lugonu accepts your kill.
There is a lethal amount of poison in your body!
It was a potion of magic.
Magic courses through your body.
* * * LOW HITPOINT WARNING * * *
You feel sick.
As you read the scroll labeled BEXOPH HUHAN, it crumbles to dust.
It is a scroll of amnesia.
You feel forgetful for a moment.
As you read the scroll labeled EROLES XEUREME, it crumbles to dust.
You feel strangely unstable.
It was a scroll of teleportation.
* * * LOW HITPOINT WARNING * * *
You feel sick.
You hear a zap.
You hear a grinding noise.
As you read the scroll labeled TOTTUCS JIFE, it crumbles to dust.
You assume a fearsome visage.
Nothing appears to happen.
It was a scroll of fear.
As you read the scroll labeled XOBOCY SUET, it crumbles to dust.
It is a scroll of identify.
You don't have any unidentified items.
You die...

..... #....
#....##
#.....#
###.....#
........#
#..$..#
#.....#######
#....#.†@....#
.....
#######.# ##..
#.# ## #.# #.#
########.#
#....>...#
#.######## #.#


There were no monsters in sight!

Vanquished Creatures
  An adder (D:2)
  A worm (D:2)
  A dart slug (D:1)
  2 ball pythons (D:1)
  A giant cockroach (D:1)
  A goblin (D:1)
  2 hobgoblins (D:1)
  A bat (D:1)
  A frilled lizard (D:1)
  2 kobolds (D:1)
  5 rats
18 creatures vanquished.

Notes
Turn   | Place    | Note
-------+----------+-------------------------------------------
     0 | Abyss:1  | Jynxie the Demonspawn Abyssal Knight began the quest for the Orb.
     0 | Abyss:1  | Reached XP level 1. HP: 18/18 MP: 2/2
     7 | D:1      | Escaped the Abyss
   295 | D:1      | Gained mutation: You are partially covered in slimy green scales. (AC +2) [demonic ancestry]
   295 | D:1      | Reached XP level 2. HP: 23/24 MP: 3/3
   700 | D:2      | Noticed Sigmund
   859 | D:2      | Gained mutation: You have large cloven feet. [demonic ancestry]
   859 | D:2      | Reached XP level 3. HP: 11/29 MP: 4/4
   868 | D:2      | HP: 1/29 [poisoned by an adder]
   870 | D:2      | Succumbed to an adder's poison

Vault maps used:
D:1:      dpeg_arrival_connections, minmay_shallow_snake_nest
D:2:      nicolae_overflow_hidden_temple, lemuel_round_altar, uniq_sigmund

Skill      XL: |  1 |
---------------+----+-----
Long Blades    | 2 |  2.8
Fighting       | |  3.4
Armour         | |  1.7
Dodging        | |  0.8
Invocations    | |  2.4

Action                   || total
-------------------------++-------
Melee: Falchion          ||    68
  Use: Scroll            ||     4
       Potion            ||     1
Armor: Ring mail         ||    31
       Leather armour    ||     1
Dodge: Dodged            ||    33
       Rpst.: Falchion   ||     9

Table legend:
 A = Spawn XP
 B = Non-spawn XP
 C = Spawn XP percentage of total XP
 D = Spawn monster count
 E = Non-spawn monster count
 F = Spawn count percentage of total count
 G = Total turns spent on level
                    A         B        C        D         E        F      G
               +---------+---------+-------+---------+---------+-------+---------
         Total |       0 |      43 |   0.0 |       0 |      18 |   0.0 |   870
               +---------+---------+-------+---------+---------+-------+---------
           D:1 |       0 |      24 |   0.0 |       0 |      15 |   0.0 |   780
           D:2 |       0 |      19 |   0.0 |       0 |       3 |   0.0 |    83
               +---------+---------+-------+---------+---------+-------+---------
